[Event "Titled Tuesday Blitz November 01 Early 2022"]
[White "Nozdrachev, Leonid"]
[Black "Belozerov, Andrei"]
[WhiteFideId "24113433"]
[BlackFideId "4120213"]
[WhiteElo "2249"]
[BlackElo "2360"]
[Result "1-0"]
[Round "10"]
[TimeControl "180+1"]
[Date "2022.11.02"]
[WhiteClock "0:00:15"]
[BlackClock "0:00:13"]

1. e4 c6 2. Nf3 d5 3. Nc3 dxe4 4. Nxe4 Nf6 5. Qe2 Nxe4 6. Qxe4 Qd5 7. Qe3 Qe6 8. Bd3 g6 9. Ng5 Qxe3+ 10. fxe3 Bg7 11. O-O O-O 12. Bc4 e6 13. d4 Nd7 14. c3 Nb6 15. Bb3 h6 16. Ne4 e5 17. Nd6 Be6 18. Nxb7 Bc4 19. Rf2 f5 20. Na5 Bxb3 21. axb3 Rac8 22. Nb7 Rc7 23. Nc5 Re8 24. Bd2 f4 25. Re1 Rce7 26. dxe5 fxe3 27. Rxe3 Nd5 28. Re4 Rxe5 29. Rfe2 Kf7 30. Rxe5 Bxe5 31. Ne4 g5 32. g3 Bc7 33. Kg2 Rc8 34. Nc5 Bb6 35. Nd7 Rc7 36. Ne5+ Kg7 37. c4 Nf6 38. Bc3 Kg8 39. Ng6 Ng4 40. Re6 Ne3+ 41. Kf3 Rf7+ 42. Ke4 Ng4 43. Re8+ Kh7 44. Nf8+ Kg8 45. Ne6+ Kh7 46. Nf8+ Kg8 47. Nd7+ Kh7 48. Rh8+ Kg6 49. Nf8+ Kh5 50. Ne6 Nf2+ 51. Ke5 Ng4+ 52. Kd6 c5 53. Ng7+ Kg6 54. Ne8 Nf2 55. Rg8+ Kf5 56. Rh8 Ne4+ 57. Kc6 Nxc3 58. bxc3 Ke4 59. Nd6+ Kd3 60. Nxf7 Kxc3 61. Kb5 Kxb3 62. Nd6 a5 63. Kxb6 a4 64. Nb5 a3 65. Nxa3 h5 66. Kxc5 h4 67. gxh4 g4 68. Rg8 Kc3 69. Rxg4 Kb2 70. Rg5 Kb3 71. Rg6 Ka4 72. Rg7 Kb3 73. Kd6 Kb2 74. c5 Kb3 75. h5 Ka4 76. h6 Ka5 77. c6 Kb4 78. c7 Kc3 79. c8=Q+ Kb4 80. Rb7+ 1-0


[Site "https://www.chess.com"]

[Event "Titled Tuesday Blitz November 01 Early 2022"]
[White "Ohanyan, Emin"]
[Black "Jobava, Baadur"]
[WhiteFideId "13312022"]
[BlackFideId "13601520"]
[WhiteElo "2302"]
[BlackElo "2582"]
[Result "0-1"]
[Round "10"]
[TimeControl "180+1"]
[Date "2022.11.01"]
[WhiteClock "0:01:37"]
[BlackClock "0:02:04"]

1. e4 e6 2. d4 d5 3. Bd3 dxe4 4. Bxe4 Nf6 5. Bf3 c5 6. Ne2 Nc6 7. Be3 Nd5 8. Bxd5 Qxd5 9. O-O cxd4 10. Nxd4 Nxd4 11. Bxd4 Bd7 12. Nc3 Qf5 13. Qe2 Bc6 14. Rad1 Be7 15. Qe5 Qxe5 16. Bxe5 f6 17. Bd6 Rd8 18. Bxe7 Kxe7 19. f3 g5 20. Kf2 h5 21. Ke3 h4 22. Rxd8 Rxd8 23. Rd1 Rxd1 24. Nxd1 e5 25. g3 Ke6 26. Nf2 f5 27. f4 exf4+ 28. gxf4 g4 29. Nd3 g3 30. h3 Bg2 31. Ne5 Kf6 32. c4 Bxh3 33. Nf3 Bf1 34. Nxh4 Bxc4 35. a3 Bd5 36. Nf3 Bxf3 37. Kxf3 Ke6 38. Kxg3 Kd5 39. Kh4 Ke4 40. Kg5 a6 41. b3 b6 0-1


[Site "https://www.chess.com"]

[Event "Titled Tuesday Blitz November 01 Early 2022"]
[White "Omariev, Maksim"]
[Black "Fernandez Siles, Luis"]
[WhiteFideId "4193423"]
[BlackFideId "2209420"]
[WhiteElo "2401"]
[BlackElo "2186"]
[Result "1-0"]
[Round "10"]
[TimeControl "180+1"]
[Date "2022.11.02"]
[WhiteClock "0:00:04"]
[BlackClock "0:00:11"]

1. b3 d5 2. Bb2 c6 3. h3 Bf5 4. g4 Bg6 5. Bg2 e6 6. Nf3 Nd7 7. d3 Ngf6 8. Nh4 Bc5 9. Nd2 Ne4 10. Nxg6 Nxf2 11. Qb1 Nxh1 12. Nxh8 Qh4+ 13. Kd1 Nf2+ 14. Kc1 Qg3 15. Bf1 Be3 16. c4 Qf4 17. Qc2 f6 18. Bc3 d4 19. Bb4 c5 20. Ba3 Ke7 21. Bg2 Rxh8 22. Bxb7 Nxh3 23. Bf3 Ng5 24. Bc6 Qf1+ 25. Kb2 Qxe2 26. Ne4 Qxc2+ 27. Kxc2 Nxe4 28. dxe4 Rc8 29. Ba4 Ne5 30. Rh1 h6 31. b4 Nxc4 32. Kb3 Nxa3 33. Kxa3 cxb4+ 34. Kxb4 d3 35. Re1 Bf4 36. Rd1 d2 37. Bb3 Kd6 38. a4 Ke5 39. Bc4 Kd4 40. Bb5 Rb8 41. Kb3 a6 42. Kb4 axb5 43. axb5 Kd3 44. Kc5 Kc2 45. Rf1 d1=Q 46. Rxd1 Kxd1 47. b6 Kc2 48. Kc6 Kb3 49. b7 Ka4 50. g5 Be5 51. g6 Ka5 52. Kd7 Rxb7+ 53. Kc8 Kb6 54. Kd8 Kc6 55. Ke8 Kd6 56. Kf8 f5 57. Kg8 fxe4 58. Kh7 e3 59. Kg8 e2 60. Kh7 e1=Q 61. Kg8 Qa5 62. Kh7 Bf4 63. Kh8 1-0


[Site "https://www.chess.com"]

[Event "Titled Tuesday Blitz November 01 Early 2022"]
[White "Oparin, Grigoriy"]
[Black "Kowalczyk, Pawel"]
[WhiteFideId "24125890"]
[BlackFideId "1130641"]
[WhiteElo "2639"]
[BlackElo "2324"]
[Result "1-0"]
[Round "10"]
[TimeControl "180+1"]
[Date "2022.11.01"]
[WhiteClock "0:01:06"]
[BlackClock "0:00:27"]

1. d4 Nf6 2. Nf3 g6 3. c4 Bg7 4. g3 O-O 5. Bg2 c6 6. O-O d5 7. Qa4 Nbd7 8. cxd5 Nxd5 9. e4 N5f6 10. Nc3 b5 11. Qc2 Bb7 12. Re1 Nb6 13. Bf4 a6 14. Rad1 Qc8 15. Ne5 c5 16. d5 Nh5 17. Nc6 Bxc6 18. dxc6 Nxf4 19. gxf4 Ra7 20. e5 Qg4 21. Ne2 c4 22. h3 Qc8 23. Nd4 Rd8 24. f5 Nd5 25. e6 Nb4 26. exf7+ Kxf7 27. Qe4 Nd3 28. Ne6 Rd6 29. fxg6+ hxg6 30. Ng5+ Kg8 31. Qh4 Qf5 32. Be4 Qf6 33. Re3 Ne5 34. Rxd6 exd6 35. Bd5+ Kf8 36. Nh7+ 1-0


[Site "https://www.chess.com"]

[Event "Titled Tuesday Blitz November 01 Early 2022"]
[White "Orzech, Dominik"]
[Black "Arbunic Castro, Giovanna"]
[WhiteFideId "1115065"]
[BlackFideId "3400549"]
[WhiteElo "2272"]
[BlackElo "1817"]
[Result "1-0"]
[Round "10"]
[TimeControl "180+1"]
[Date "2022.11.02"]
[WhiteClock "0:00:52"]
[BlackClock "0:00:23"]

1. d4 Nf6 2. Nf3 g6 3. c4 Bg7 4. Nc3 O-O 5. Bg5 d6 6. e3 c5 7. Be2 cxd4 8. Nxd4 Nc6 9. O-O Qb6 10. Nb3 Rd8 11. Bxf6 Bxf6 12. Nd5 Qa6 13. Nc7 Qa4 14. Nxa8 Bxb2 15. Rb1 Qxa2 16. Bd3 Nb4 17. Nc7 d5 18. Nxd5 Nxd5 19. cxd5 Rxd5 20. Qc2 Bf5 21. Bxf5 gxf5 22. Rxb2 Qa4 23. Nd4 Qd7 24. Rc1 e5 25. Nxf5 e4 26. Qc8+ Qd8 27. Ne7+ Kf8 28. Nxd5 1-0


[Site "https://www.chess.com"]

[Event "Titled Tuesday Blitz November 01 Early 2022"]
[White "Osinovsky, Stepan"]
[Black "Shuvalov, Evgenij"]
[WhiteFideId "4157354"]
[BlackFideId "4187237"]
[WhiteElo "2222"]
[BlackElo "2049"]
[Result "0-1"]
[Round "10"]
[TimeControl "180+1"]
[Date "2022.11.02"]
[WhiteClock "0:00:01"]
[BlackClock "0:00:44"]

1. Nf3 Nf6 2. g3 g6 3. Bg2 Bg7 4. O-O O-O 5. d3 d5 6. Nbd2 c5 7. e4 Nc6 8. Re1 e6 9. c3 b6 10. a4 Ba6 11. exd5 exd5 12. Qc2 Re8 13. Rxe8+ Qxe8 14. Nf1 Rd8 15. Bg5 h6 16. Bxf6 Bxf6 17. Re1 Qd7 18. h4 d4 19. c4 Nb4 20. Qd1 Bb7 21. b3 Kg7 22. h5 g5 23. N1h2 Bc6 24. Ne5 Bxe5 25. Rxe5 Bxg2 26. Kxg2 Re8 27. Qe2 Qc6+ 28. f3 Rxe5 29. Qxe5+ Qf6 30. Qxf6+ Kxf6 31. Ng4+ Kg7 32. Nf2 f5 33. Kf1 Kf6 34. Ke2 Nc2 35. g4 f4 36. Ne4+ Ke6 37. Kd2 Na1 38. b4 cxb4 39. Kc1 Nb3+ 40. Kc2 Na5 41. Nd2 Nc6 42. Ne4 Ne5 43. Nd2 a5 44. c5 bxc5 45. Kb3 Kd5 46. Ne4 Nxd3 47. Nxg5 c4+ 48. Kc2 b3+ 49. Kd2 Nb4 50. Nf7 b2 0-1


[Site "https://www.chess.com"]

[Event "Titled Tuesday Blitz November 01 Early 2022"]
[White "Osmonbekov, Talaibek"]
[Black "Kustar, Sandor"]
[WhiteFideId "2017253"]
[BlackFideId "702900"]
[WhiteElo "2135"]
[BlackElo "2376"]
[Result "0-1"]
[Round "10"]
[TimeControl "180+1"]
[Date "2022.11.02"]
[WhiteClock "0:00:02"]
[BlackClock "0:00:33"]

1. d4 Nf6 2. Bf4 g6 3. Nc3 Bg7 4. e4 d6 5. Qd2 Nc6 6. O-O-O O-O 7. Nf3 Bg4 8. Qe3 Nh5 9. Bg5 Qe8 10. Be2 e5 11. dxe5 dxe5 12. Nd5 Rc8 13. Bb5 Bxf3 14. gxf3 f6 15. Bh6 a6 16. Bc4 Kh8 17. h4 Nd4 18. c3 Ne6 19. Rdg1 Rd8 20. Bxg7+ Kxg7 21. f4 exf4 22. Qf3 Kh8 23. e5 fxe5 24. Qe2 b5 25. Qxe5+ Neg7 26. Qxe8 Rfxe8 27. Bb3 c6 28. Nc7 Re2 29. Rd1 Rxd1+ 30. Rxd1 Nf5 0-1


[Site "https://www.chess.com"]

[Event "Titled Tuesday Blitz November 01 Early 2022"]
[White "Ovchinnikov, Vsevolod"]
[Black "Harsh Suresh"]
[WhiteFideId "24176842"]
[BlackFideId "45018464"]
[WhiteElo "2376"]
[BlackElo "2180"]
[Result "0-1"]
[Round "10"]
[TimeControl "180+1"]
[Date "2022.11.01"]
[WhiteClock "0:00:07"]
[BlackClock "0:00:18"]

1. d4 g6 2. Nf3 Bg7 3. c4 d6 4. Nc3 Nf6 5. e4 O-O 6. h3 Nc6 7. d5 Ne5 8. Nxe5 dxe5 9. Be2 e6 10. Be3 exd5 11. cxd5 c6 12. dxc6 bxc6 13. Qxd8 Rxd8 14. Rd1 Rxd1+ 15. Kxd1 Be6 16. Kc2 Nd7 17. Rd1 Bf8 18. Bg4 f5 19. exf5 gxf5 20. Bf3 e4 21. Be2 Ne5 22. b3 Be7 23. Bf4 Ng6 24. Bd6 Bf6 25. g4 Ne5 26. Bc5 fxg4 27. hxg4 Nxg4 28. Bxg4 Bxg4 29. Rg1 h5 30. Nxe4 Kf7 31. f3 Bf5 32. Kd2 Bxe4 33. fxe4 h4 34. Ke2 a5 35. Kf3 a4 36. Kf4 axb3 37. axb3 Rb8 38. e5 Be7 39. Bxe7 Kxe7 40. Rg7+ Ke6 41. Rg6+ Kd5 42. Rd6+ Kc5 43. Rd3 Rh8 44. Kg4 h3 45. Rxh3 Rxh3 46. Kxh3 Kd5 47. Kg4 Kxe5 48. Kf3 Kd4 49. Ke2 Kc3 50. Ke3 Kxb3 51. Kd4 Kb4 52. Kd3 c5 53. Kd2 Kb3 54. Kd3 c4+ 55. Kd2 Kb2 56. Ke3 c3 57. Kd4 c2 0-1


[Site "https://www.chess.com"]

[Event "Titled Tuesday Blitz November 01 Early 2022"]
[White "Pakleza, Zbigniew"]
[Black "Jaskolka, Tomasz"]
[WhiteFideId "1119290"]
[BlackFideId "1170791"]
[WhiteElo "2411"]
[BlackElo "2126"]
[Result "0-1"]
[Round "10"]
[TimeControl "180+1"]
[Date "2022.11.02"]
[WhiteClock "0:00:04"]
[BlackClock "0:00:21"]

1. d4 d5 2. c4 c6 3. cxd5 cxd5 4. Nc3 Nf6 5. Nf3 Nc6 6. Bf4 Bf5 7. Qb3 Qb6 8. Qxb6 axb6 9. e3 e6 10. Bb5 Nd7 11. Ke2 Bb4 12. Rhc1 Ke7 13. a3 Bd6 14. Bxd6+ Kxd6 15. Bd3 Bxd3+ 16. Kxd3 f6 17. Rab1 Ke7 18. Rc2 Rhc8 19. Rbc1 Na7 20. Nd2 Rc6 21. e4 dxe4+ 22. Ndxe4 Rac8 23. d5 exd5 24. Nxd5+ Ke6 25. Ndc3 Ne5+ 26. Ke2 Nb5 27. Rd1 Rc4 28. Rcd2 Nxc3+ 29. Nxc3 R8c6 30. Rd8 Kf5 31. f3 Re6 32. Kf2 h5 33. R1d2 g5 34. Rb8 Rc7 35. Nd5 Rd7 36. Rg8 Red6 37. Ne3+ Ke6 38. Rxd6+ Rxd6 39. Ke2 Nd3 40. g3 Nxb2 41. Rg7 b5 42. Rxb7 Na4 43. f4 g4 44. f5+ Ke5 45. Re7+ Kd4 46. Re6 Nc3+ 47. Kf2 Kc5 48. Nf1 Rd5 49. Ne3 Rd2+ 50. Kf1 Rxh2 51. Rxf6 Kd4 52. Re6 Ne4 53. Nc2+ Rxc2 54. f6 Rf2+ 55. Kg1 Rxf6 56. Re8 Ke3 57. a4 bxa4 58. Rc8 Kf3 59. Rb8 Rc6 60. Rb1 Kxg3 61. Kh1 Nf2+ 62. Kg1 Rc2 63. Ra1 Nh3+ 64. Kf1 Rf2+ 65. Ke1 Nf4 66. Ra3+ Rf3 67. Rxa4 h4 68. Ra2 h3 0-1


[Site "https://www.chess.com"]

[Event "Titled Tuesday Blitz November 01 Early 2022"]
[White "Papasimakopoulos, Alexandros"]
[Black "Kamsky, Gata"]
[WhiteFideId "4244125"]
[BlackFideId "2000024"]
[WhiteElo "2357"]
[BlackElo "2666"]
[Result "0-1"]
[Round "10"]
[TimeControl "180+1"]
[Date "2022.11.01"]
[WhiteClock "0:00:10"]
[BlackClock "0:00:33"]

1. d4 f5 2. e4 fxe4 3. Nc3 Nf6 4. Bg5 c6 5. f3 Qa5 6. Bxf6 exf6 7. fxe4 Bb4 8. Ne2 d5 9. exd5 O-O 10. a3 Bxc3+ 11. Nxc3 Re8+ 12. Be2 Bg4 13. O-O Bxe2 14. Nxe2 Qxd5 15. Nf4 Qf7 16. Qg4 f5 17. Qg5 Nd7 18. Rf3 Qf6 19. Qh5 Qxd4+ 20. Kh1 Nf6 21. Qxf5 Qxb2 22. Raf1 Qe5 23. Qd3 Qe7 24. Qb3+ Qf7 25. Qa4 b5 26. Qa6 Qc4 27. Nd3 Re7 28. Nb4 Rc7 29. Rf4 Qc5 30. c4 Qb6 31. Rf5 c5 32. Qxb6 axb6 33. Nd5 Nxd5 34. cxd5 Rd7 35. h3 h6 36. Rb1 Rxa3 37. Rxb5 Rd6 38. Re5 Kf7 39. Re6 Rxe6 40. dxe6+ Kxe6 41. Rxb6+ Kd5 42. Rb7 Rg3 43. Kh2 Rg6 44. Rd7+ Kc6 45. Rd8 c4 46. Kg1 Rf6 47. Rg8 g5 48. h4 gxh4 49. Rg4 Kb5 50. Rxh4 c3 51. Rh3 c2 52. Rc3 Rc6 53. Rb3+ Ka4 0-1


[Site "https://www.chess.com"]

[Event "Titled Tuesday Blitz November 01 Early 2022"]
[White "Piesik, Piotr"]
[Black "Vargas, Mauricio"]
[WhiteFideId "1136194"]
[BlackFideId "4404572"]
[WhiteElo "2323"]
[BlackElo "2025"]
[Result "1-0"]
[Round "10"]
[TimeControl "180+1"]
[Date "2022.11.02"]
[WhiteClock "0:01:38"]
[BlackClock "0:00:04"]

1. Nf3 d6 2. d4 Nf6 3. g3 g6 4. Bg2 Bg7 5. O-O O-O 6. Nbd2 c6 7. e4 Qe8 8. Qe2 Kh8 9. a4 Ng4 10. h3 Nf6 11. b3 e6 12. Bb2 Ng8 13. Nc4 Qe7 14. Ba3 c5 15. Rad1 b6 16. dxc5 dxc5 17. e5 Bb7 18. Nd6 Bc6 19. Nd2 Rd8 20. N2c4 Nh6 21. Bc1 Nf5 22. Nxf7+ Qxf7 23. Rxd8+ Bf8 24. Bxc6 Nxc6 25. Rxa8 Kg7 26. c3 Be7 27. Qe4 Nd8 28. Rxa7 h5 29. Bg5 1-0


[Site "https://www.chess.com"]

[Event "Titled Tuesday Blitz November 01 Early 2022"]
[White "Pinheiro, Iung Alicio de O."]
[Black "Yurasova, Daria"]
[WhiteFideId "2104350"]
[BlackFideId "34146919"]
[WhiteElo "2283"]
[BlackElo "2044"]
[Result "0-1"]
[Round "10"]
[TimeControl "180+1"]
[Date "2022.11.02"]
[WhiteClock "0:00:15"]
[BlackClock "0:00:15"]

1. d4 d5 2. Bf4 Nf6 3. e3 Bf5 4. c4 e6 5. Nc3 c6 6. Qb3 Qb6 7. c5 Qxb3 8. axb3 Nbd7 9. b4 Nh5 10. Be5 f6 11. Bc7 Rc8 12. Bd6 Bxd6 13. cxd6 g5 14. Rxa7 O-O 15. Rxb7 e5 16. Be2 Ng7 17. Nf3 e4 18. Nd2 Ne8 19. O-O Nxd6 20. Ra7 Be6 21. Nb3 Rb8 22. Na5 Rfc8 23. Na2 Nb6 24. Rc1 Bd7 25. h3 f5 26. b3 Be8 27. Rc5 Nf7 28. Nc3 Nd8 29. Na4 Ne6 30. Rc1 Nxa4 31. bxa4 Rxb4 32. Ra1 c5 33. dxc5 Nxc5 34. Bb5 Bxb5 35. axb5 Rxb5 36. Nb7 Rxb7 37. R7a5 Nb3 38. Ra8 Rxa8 39. Rxa8+ Kf7 40. Rd8 Ke6 41. Rg8 h6 42. Rh8 Rg7 43. Rxh6+ Ke5 44. Rh8 Re7 45. Rg8 Kf6 46. Rf8+ Kg6 47. Rd8 Re5 48. Rd6+ Kf7 49. g3 Nc1 50. Kf1 Nd3 51. Kg2 Nb4 52. Rb6 Nd3 53. Rd6 Ke7 54. Rh6 Re6 55. Rh5 Kf6 56. Rh6+ Kf7 57. Rh5 Kg6 58. Rh8 Rb6 59. Rd8 Rb2 60. Rd6+ Kg7 61. Rxd5 Rxf2+ 62. Kg1 Rf3 63. g4 Kf6 64. Kg2 fxg4 65. hxg4 Rxe3 66. Rf5+ Kg6 67. Rd5 Nf4+ 0-1


[Site "https://www.chess.com"]

[Event "Titled Tuesday Blitz November 01 Early 2022"]
[White "Quirke, Jeffrey"]
[Black "Fernandez Hernandez, Gerardo"]
[WhiteFideId "2013029"]
[BlackFideId "2207400"]
[WhiteElo "2189"]
[BlackElo "2236"]
[Result "0-1"]
[Round "10"]
[TimeControl "180+1"]
[Date "2022.11.02"]
[WhiteClock "0:00:17"]
[BlackClock "0:00:27"]

1. e4 e6 2. d4 d5 3. Bd3 c5 4. exd5 exd5 5. Nf3 c4 6. Be2 Nc6 7. O-O Bd6 8. Re1 Nge7 9. b3 cxb3 10. axb3 O-O 11. h3 Bf5 12. c3 Re8 13. Be3 Qc7 14. Na3 a6 15. Nc2 Na5 16. b4 Qxc3 17. bxa5 Qxc2 18. Qxc2 Bxc2 19. Rec1 Rac8 20. Ne1 Be4 21. Nd3 Nf5 22. Rxc8 Rxc8 23. Rc1 Rxc1+ 24. Nxc1 Nxe3 25. fxe3 Bb4 26. Nb3 Bc2 27. Nc5 Bxa5 28. Nxb7 Bd2 29. Bxa6 Bxe3+ 30. Kh1 Bxd4 31. Nd6 Be5 32. Nc8 d4 33. Ne7+ Kf8 34. Nc6 Bf6 35. Kg1 d3 0-1


[Site "https://www.chess.com"]

[Event "Titled Tuesday Blitz November 01 Early 2022"]
[White "Rakhmanov, Aleksandr"]
[Black "Caruana, Fabiano"]
[WhiteFideId "4173708"]
[BlackFideId "2020009"]
[WhiteElo "2530"]
[BlackElo "2847"]
[Result "1-0"]
[Round "10"]
[TimeControl "180+1"]
[Date "2022.11.01"]
[WhiteClock "0:00:05"]
[BlackClock "0:00:02"]

1. d4 Nf6 2. c4 e6 3. Nc3 Bb4 4. e3 O-O 5. Bd3 c5 6. Nf3 d5 7. cxd5 cxd4 8. exd4 Nxd5 9. O-O Nc6 10. Qc2 h6 11. a3 Be7 12. Rd1 Bf6 13. Bh7+ Kh8 14. Be4 Nce7 15. Ne5 Bd7 16. Rd3 Rc8 17. Rh3 Nf5 18. g4 Nh4 19. f4 g5 20. fxg5 hxg5 21. Qd2 Kg8 22. Rxh4 Nf4 23. Rh6 Bc6 24. Nxc6 bxc6 25. Rxf6 Qxf6 26. Qe3 Rfd8 27. Ne2 Nxe2+ 28. Qxe2 Rxd4 29. Bd2 Rcd8 30. Bc3 c5 31. Rf1 Qg7 32. Bf3 Qf6 33. Qf2 Kg7 34. Bxd4 Rxd4 35. Be2 Qe7 36. h3 Rf4 37. Qe3 Rd4 38. Rf2 f6 39. Kg2 Qd6 40. Bf3 Rd3 41. Qe2 Rd4 42. Qe1 c4 43. Re2 e5 44. Be4 Qb6 45. Qf2 Qd6 46. Qf5 Kf8 47. Rf2 Ke7 48. Qh7+ Kd8 49. Qg8+ Kc7 50. Qa8 Qb6 51. Bf3 Rf4 52. Re2 e4 53. Bxe4 Qd4 54. Bf3 Qc5 55. Qb7+ Kd6 56. Qe7# 1-0


[Site "https://www.chess.com"]

[Event "Titled Tuesday Blitz November 01 Early 2022"]
[White "Rios Escobar, Adan"]
[Black "Mitrovic, Darko R"]
[WhiteFideId "3403645"]
[BlackFideId "927023"]
[WhiteElo "2343"]
[BlackElo "2150"]
[Result "1-0"]
[Round "10"]
[TimeControl "180+1"]
[Date "2022.11.02"]
[WhiteClock "0:00:09"]
[BlackClock "0:00:01"]

1. d4 Nf6 2. g3 d5 3. Nf3 Bf5 4. c4 e6 5. Nc3 c6 6. Nh4 Bg6 7. Qb3 Qb6 8. Nxg6 hxg6 9. c5 Qxb3 10. axb3 e5 11. e3 Nbd7 12. b4 exd4 13. exd4 b5 14. Ra6 Nb8 15. Ra3 a6 16. Be2 Be7 17. O-O Kd8 18. Bf4 Kc8 19. Rfa1 Kb7 20. h4 Nh5 21. Be5 f6 22. Bxb8 Rhxb8 23. Kg2 f5 24. f4 Nf6 25. Bf3 Re8 26. Nb1 Bd8 27. Nd2 Bc7 28. Kf2 Re7 29. Bd1 Ree8 30. Nf3 Ne4+ 31. Kg2 Re7 32. Ne5 Bxe5 33. dxe5 Ree8 34. Bf3 Re7 35. Rd1 a5 36. Rda1 1-0


[Site "https://www.chess.com"]

[Event "Titled Tuesday Blitz November 01 Early 2022"]
[White "Ristic, Nebojsa B"]
[Black "Wessendorf, Thomas, Dr."]
[WhiteFideId "935468"]
[BlackFideId "4604270"]
[WhiteElo "2320"]
[BlackElo "2280"]
[Result "1-0"]
[Round "10"]
[TimeControl "180+1"]
[Date "2022.11.02"]
[WhiteClock "0:00:51"]
[BlackClock "0:00:01"]

1. d4 Nf6 2. Bf4 c5 3. e3 e6 4. Nf3 b6 5. Nbd2 Be7 6. h3 O-O 7. Bd3 Ba6 8. c4 d5 9. Qe2 Nc6 10. dxc5 dxc4 11. Bxc4 Bxc4 12. Nxc4 Bxc5 13. O-O Qe7 14. Rfd1 Rfd8 15. Nfe5 Nxe5 16. Nxe5 Qb7 17. Bg5 Be7 18. f3 h6 19. Bh4 Rd5 20. Rxd5 Qxd5 21. Nc4 Rd8 22. e4 Qd4+ 23. Bf2 Qd3 24. Kf1 Nh5 25. g3 b5 26. Ne5 Qxe2+ 27. Kxe2 Rc8 28. Rd1 Bf6 29. Nd3 g5 30. g4 Ng7 31. e5 Be7 32. Bxa7 Ra8 33. Bd4 Rxa2 34. Rc1 Kh7 35. Rc7 Ba3 36. Rxf7 Kg6 37. Ra7 Bxb2 38. Rxa2 Bxd4 39. Ra5 b4 40. Nxb4 Bc3 41. Rb5 Ne8 42. Nd3 Nc7 43. Rc5 Nd5 44. Rc6 Kf7 45. h4 gxh4 46. f4 h3 47. Kf3 h2 48. Kg2 Ne3+ 49. Kxh2 Nxg4+ 50. Kg3 h5 51. Rxc3 Ne3 52. Kh4 Kg6 53. Nc5 Ng2+ 54. Kg3 1-0


[Site "https://www.chess.com"]

[Event "Titled Tuesday Blitz November 01 Early 2022"]
[White "Romero Ruscalleda, Josep"]
[Black "Myshakov, Fyodor"]
[WhiteFideId "2231859"]
[BlackFideId "14111284"]
[WhiteElo "2297"]
[BlackElo "2310"]
[Result "0-1"]
[Round "10"]
[TimeControl "180+1"]
[Date "2022.11.02"]
[WhiteClock "0:00:46"]
[BlackClock "0:00:56"]

1. e4 c6 2. Nc3 d5 3. Nf3 Bg4 4. h3 Bxf3 5. Qxf3 e6 6. d4 dxe4 7. Qxe4 Nf6 8. Qd3 Be7 9. g3 O-O 10. Bg2 Nbd7 11. O-O Nb6 12. a4 Nbd5 13. a5 Nxc3 14. Qxc3 a6 15. Qb3 Qd7 16. c3 Rfe8 17. Re1 Rac8 18. Be3 h6 19. Rad1 Bd8 20. Qa2 Qc7 21. b4 Nd5 22. Bd2 Qd6 23. Qb3 Bg5 24. Bxg5 hxg5 25. Re2 Rcd8 26. Rde1 Qe7 27. Qc2 Qf6 28. Qd2 Re7 29. Re5 Red7 30. Rc1 Ne7 31. Qxg5 Qxg5 32. Rxg5 f6 33. Rg4 f5 34. Rf4 g5 35. Rf3 Kf7 36. Re3 Nd5 37. Re5 Re7 38. g4 fxg4 39. hxg4 Nf4 40. Rxg5 Ne2+ 41. Kh2 Nxc1 42. Kg3 Ne2+ 43. Kf3 Nxc3 44. Ke3 Nd5+ 45. Kd3 Nf4+ 46. Kc4 Nxg2 0-1


[Site "https://www.chess.com"]

[Event "Titled Tuesday Blitz November 01 Early 2022"]
[White "Rustemov, Alexander"]
[Black "Orozbaev, Eldiar"]
[WhiteFideId "4119002"]
[BlackFideId "13802240"]
[WhiteElo "2926"]
[BlackElo "2244"]
[Result "0-1"]
[Round "10"]
[TimeControl "180+1"]
[Date "2022.11.01"]
[WhiteClock "0:00:03"]
[BlackClock "0:00:25"]

1. d4 Nf6 2. c4 e6 3. Nf3 d5 4. Nc3 Be7 5. Bg5 c6 6. e3 O-O 7. Qc2 h6 8. Bh4 b6 9. Bd3 Bb7 10. O-O Na6 11. a3 Rc8 12. Qe2 Nc7 13. Rfd1 dxc4 14. Bxc4 Nfd5 15. Bxe7 Qxe7 16. Rac1 Rfd8 17. Ne4 Ne8 18. Ne5 Nd6 19. Bd3 Nxe4 20. Bxe4 c5 21. dxc5 Rxc5 22. Rxc5 Qxc5 23. Qf3 Qc7 24. Nd3 f5 25. Bxd5 Rxd5 26. e4 Rd8 27. Qe2 Bxe4 28. Ne1 Bd5 29. h3 Rc8 30. Rd2 Qc4 31. Nd3 Qd4 32. Qe5 Rc1+ 33. Kh2 Qxe5+ 34. Nxe5 Kf8 35. f4 Ke7 36. h4 a5 37. Kg3 b5 38. Kf2 b4 39. axb4 axb4 40. Ke3 b3 41. g3 Rg1 42. Kd4 Rxg3 43. Rd1 g5 44. hxg5 hxg5 45. fxg5 Rxg5 46. Ra1 Rg2 47. Ra7+ Kf8 48. Nd7+ Kg7 49. Ne5+ Kh6 50. Nd3 Rg4+ 51. Ke5 Re4+ 52. Kf6 f4 53. Ne5 f3 54. Ng4+ Rxg4 55. Ra8 Rf4+ 56. Ke5 Rf5+ 57. Kd4 f2 58. Rh8+ Kg7 0-1


[Site "https://www.chess.com"]

[Event "Titled Tuesday Blitz November 01 Early 2022"]
[White "Sarana, Alexey"]
[Black "Dubov, Daniil"]
[WhiteFideId "24133795"]
[BlackFideId "24126055"]
[WhiteElo "2689"]
[BlackElo "2791"]
[Result "1-0"]
[Round "10"]
[TimeControl "180+1"]
[Date "2022.11.01"]
[WhiteClock "0:00:20"]
[BlackClock "0:00:03"]

1. c4 Nf6 2. Nc3 e5 3. Nf3 Nc6 4. g3 d5 5. cxd5 Nxd5 6. Bg2 Nxc3 7. bxc3 Bc5 8. O-O O-O 9. e3 Qd3 10. Ne1 Qg6 11. d4 Bd6 12. Qc2 Qf6 13. Nd3 h5 14. Rb1 h4 15. d5 Ne7 16. e4 Qg6 17. c4 c5 18. f4 exf4 19. Bxf4 Bxf4 20. Nxf4 Qg5 21. Qf2 hxg3 22. Qxg3 Qxg3 23. hxg3 f6 24. e5 fxe5 25. Nd3 Bf5 26. Rfd1 Rab8 27. d6 Ng6 28. Rxb7 Rbc8 29. Bd5+ Kh7 30. Kg2 Kh6 31. d7 Rcd8 32. Nxc5 Kg5 33. Be4 Bg4 34. Rd6 Ne7 35. Ne6+ Bxe6 36. Rxe6 Rf7 37. c5 g6 38. c6 Nf5 39. Bxf5 Kxf5 40. Re8 Rxe8 41. dxe8=Q 1-0


[Site "https://www.chess.com"]

[Event "Titled Tuesday Blitz November 01 Early 2022"]
[White "Schekachikhin, Maksim"]
[Black "Shipov, Sergei"]
[WhiteFideId "24177830"]
[BlackFideId "4113624"]
[WhiteElo "2272"]
[BlackElo "2771"]
[Result "1/2-1/2"]
[Round "10"]
[TimeControl "180+1"]
[Date "2022.11.01"]
[WhiteClock "0:00:13"]
[BlackClock "0:00:15"]

1. c4 Nf6 2. Nc3 c5 3. g3 e6 4. Bg2 d5 5. cxd5 exd5 6. d4 cxd4 7. Qxd4 Nc6 8. Qa4 d4 9. Ne4 Bb4+ 10. Bd2 Bxd2+ 11. Nxd2 O-O 12. Nb3 Re8 13. Bxc6 bxc6 14. Qxd4 Qe7 15. e3 c5 16. Qxc5 Qb7 17. f3 a5 18. O-O-O Be6 19. Kb1 Bxb3 20. axb3 Qxb3 21. Qc2 Qb7 22. e4 a4 23. Ne2 a3 24. b3 Rec8 25. Qd3 h6 26. Ka2 Qb6 27. Rc1 Qf2 28. Rxc8+ Rxc8 29. Rd1 Qxh2 30. Kxa3 Qf2 31. Kb2 h5 32. Rd2 Ra8 33. e5 Qa7 34. Nc3 Ne8 35. Kc2 Nc7 36. Qd4 Qa5 37. f4 Ne6 38. Qa4 g5 39. Qxa5 Rxa5 40. Nd5 gxf4 41. gxf4 h4 42. Kb2 h3 43. b4 h2 44. Nf6+ Kg7 45. Rxh2 Rb5 46. Rg2+ Kh6 47. Rh2+ Kg6 48. Kc3 Nxf4 49. Kc4 Rxe5 50. Nd7 Re4+ 51. Kc5 Nd3+ 52. Kd5 Rxb4 53. Ne5+ Nxe5 54. Kxe5 f5 55. Rg2+ Rg4 56. Rxg4+ fxg4 57. Kf4 Kh5 58. Kg3 Kg5 59. Kg2 Kf4 60. Kf2 g3+ 61. Kg2 Kg4 62. Kg1 Kf3 63. Kf1 Kf4 64. Kg2 Kg4 65. Kg1 Kh3 66. Kh1 Kh4 67. Kg2 Kg4 1/2-1/2


[Site "https://www.chess.com"]